 Seeded DCSS version 0.29.1-15-g9cfb28693d (webtiles) character file.

Game seed: 17135969755958828938 (custom seed)

14 Gelion the Sneak (level 2, 18/18 HPs)
             Began as a Kobold Brigand on Apr 27, 2023.
             Quit the game on level 1 of the Dungeon.
             The game lasted 00:01:11 (784 turns).

Gelion the Sneak (Kobold Brigand)                    Turns: 784, Time: 00:01:11

Health: 18/18      AC:  3    Str:  8    XL:     2   Next: 55%
Magic:  2/2        EV: 14    Int: 12    God:
Gold:   23         SH:  0    Dex: 16    Spells: 1/1 levels left

rFire   . . .      SeeInvis .   a - +2 dagger
rCold   . . .      Faith    .   (no shield)
rNeg    . . .      Spirit   .   b - +0 robe
rPois   .          Reflect  .   (no helmet)
rElec   .          Harm     .   c - +0 cloak
rCorr   .          Rampage  .   (no gloves)
Will    .....                   (no boots)
Stlth   ++++......              (no amulet)
HPRegen 0.06/turn               (no ring)
MPRegen 0.08/turn               (no ring)

@: no status effects
A: small, no large weapons, nightstalker 3
a: no special abilities


You were on level 1 of the Dungeon.
You visited 1 branch of the dungeon, and saw 1 of its levels.

You collected 23 gold pieces.

Inventory:

Hand Weapons
 a - a +2 dagger (weapon)
Missiles
 d - 9 poisoned darts (quivered)
 e - 3 curare-tipped darts
Armour
 b - a +0 robe (worn)
 c - a +0 cloak (worn)
Scrolls
 f - 3 scrolls of identify {unknown}
 g - a scroll of blinking {unknown}


   Skills:
 + Level 2.3 Fighting
 * Level 3.0 Short Blades
 + Level 2.3 Throwing
 + Level 1.5 Dodging
 * Level 5.6 Stealth


You had one spell level left.
You didn't know any spells.
Your spell library was empty.

Dungeon Overview and Level Annotations

Branches:
Dungeon (1/15)

Altars:

Shops:
D:1 *(([


Innate Abilities, Weirdness & Mutations

You are small and have problems with some larger weapons.
You are completely attuned to the shadows.


Message History

You kill the rat!
Found a faded altar of an unknown god.
A rat comes into view.
A rat is nearby!
The helpless rat fails to defend itself.
You impale the rat!!
You kill the rat!
You see here a rat corpse.
A bat comes into view.
The bat hits you but does no damage. The bat misses you.
You hit the bat but do no damage. The bat barely misses you.
The bat closely misses you.
You hit the bat.
You kill the bat!
No target in view!
You now have 18 gold pieces (gained 11).
You open the door.
Found 9 stones.
Found Azufeef Elur's Weapon Shop.
There is an open door here.
An endoplasm comes into view.
Found a scroll labelled GEUCO YTIME and a spear.
An endoplasm is nearby!
Found a stone staircase leading down.
The helpless endoplasm fails to defend itself.
You impale the endoplasm!!
You kill the endoplasm!
There is an entrance to Azufeef Elur's Weapon Shop here.
f - 3 scrolls labelled GEUCO YTIME (gained 1)
You now have 23 gold pieces (gained 5).
Found a leather armour.
An endoplasm comes into view.
Found a leather armour.
Found Qydia's Weapon Emporium.
The helpless endoplasm fails to defend itself.
You impale the endoplasm!!
You kill the endoplasm!
Found Ulo Ida Joh's Antique Armour Emporium.
There is an entrance to Qydia's Weapon Emporium here.
Found a ring mail.
There is an entrance to Ulo Ida Joh's Antique Armour Emporium here.
Are you sure you want to abandon this character and quit the game? (Confirm with "yes".)

##.#.#### #.#.##.
#.###...# #......
##.#.##.# ##...##
##.###.# ##....[#
####..# ##..∩....
######...## #........
............+........
###.......###........
#.....#.# ##..@....
.........# ##.[...#
.##.#.### ##...##
##+##


There were no monsters in sight!

Vanquished Creatures
  A dart slug (D:1)
  2 endoplasms (D:1)
  A giant cockroach (D:1)
  2 bats (D:1)
  A frilled lizard (D:1)
  2 kobolds (D:1)
  5 rats (D:1)
14 creatures vanquished.

Notes
Turn   | Place    | Note
-------+----------+-------------------------------------------
     0 | D:1      | Gelion the Kobold Brigand began the quest for the Orb.
     0 | D:1      | Reached XP level 1. HP: 12/12 MP: 1/1
   162 | D:1      | Found Impang's Assorted Antiques.
   476 | D:1      | Reached XP level 2. HP: 17/17 MP: 2/2
   653 | D:1      | Found a faded altar of an unknown god.
   720 | D:1      | Found Azufeef Elur's Weapon Shop.
   774 | D:1      | Found Qydia's Weapon Emporium.
   779 | D:1      | Found Ulo Ida Joh's Antique Armour Emporium.
   784 | D:1      | Quit the game

Illustrated notes

Levels and vault maps discovered:
D:1:      heliophobic_arrival_dark_side_of_the_moon, layout_loops_corners,
          basic_ecumenical_altar, serial_shops, shop,
          nicolae_shop_hallway_stairs, shop, shop, nicolae_shop_hallway_plus,
          chequers_decorated_corner

Skill      XL: |  1  2 |
---------------+-------+-----
Short Blades   | 3 |  3.0
Fighting       | |  2.3
Throwing       | |  2.3
Dodging        | |  1.5
Stealth        | |  5.6

Action                   || total
-------------------------++-------
Melee: Dagger            ||    18
 Stab: Sleeping          ||    10
Armor: Robe              ||     1
Dodge: Dodged            ||     5
